 Dungeon Crawl Stone Soup version 0.30-a0-583-g19bae12e61 (webtiles) character file.

Game seed: 12005836396953523435

19 Citaku the Sneak (level 2, -9/25 HPs)
             Began as a Djinni Delver on Jan 1, 2023.
             Killed by divine providence
             ... invoked by an orc priest
              (12 damage)
             ... on level 5 of the Dungeon.
             The game lasted 00:01:41 (189 turns).

Citaku the Sneak (Djinni Delver)                     Turns: 189, Time: 00:01:42

Health: -9/25      AC:  3    Str: 11    XL:     2   Next: 95%
Gold:   0          EV: 12    Int: 11    God:
                   SH:  0    Dex: 14

rFire   + + .      SeeInvis .    a - +0 spear
rCold   x . .      Faith    .    (no shield)
rNeg    . . .      Spirit   .    b - +0 leather armour
rPois   ∞          Reflect  .    (no helmet)
rElec   .          Harm     .    (no cloak)
rCorr   .          Rampage  .    (no gloves)
Will    .....                    (boots unavailable)
Stlth   +++                      (no amulet)
HPRegen 0.24/turn                (no ring)
MPRegen 0.00/turn                (no ring)

@: flying
A: sickness immunity, fire resistance 2, cold vulnerability 1, float, innate
caster, HP casting, extra vitality 1
a: no special abilities


You were on level 5 of the Dungeon.
You visited 1 branch of the dungeon, and saw 2 of its levels.

Inventory:

Hand Weapons
 a - a +0 spear (weapon)
Armour
 b - a +0 leather armour (worn)
Wands
 g - a wand of digging (3)
Scrolls
 c - a scroll of fog
 e - a scroll of fear


   Skills:
 + Level 3.0 Fighting
 + Level 1.6 Polearms
 + Level 2.2 Dodging
 + Level 4.6 Stealth


You had one spell level left.
You didn't know any spells.
Your spell library was empty.

Dungeon Overview and Level Annotations

Branches:
Dungeon (6/15)
 Temple: D:4-7

Altars:


Innate Abilities, Weirdness & Mutations

You are immune to sickness and miasma.
You are immune to poison.
Your flesh is very heat resistant. (rF++)
You are vulnerable to cold. (rC-)
You float through the air rather than walking.
You learn spells naturally, not from books.
Your magical power is your life essence.
You have superior vitality. (+4 MHP)


Message History

The orc wizard casts a spell at you. The puff of flame hits you. You resist.
You fly upwards.
The orc priest mumbles some strange prayers to Beogh against you.
Beogh smites you!
The orc priest looks satisfied for a moment.
The orc barely misses you.
There is a stone staircase leading down here.
The orc closely misses you. The orc attacks as you move away!
The orc hits you but does no damage. The orc attacks as you move away!
The orc barely misses you.
You closely miss the orc. The orc completely misses you.
You hit the orc.
The orc is moderately wounded.
The orc hits you with a +0 club.
You completely miss the orc.
The orc is moderately wounded.
The orc priest hits you with a +0 flail!
* * * LOW HITPOINT WARNING * * *
The orc misses you.
You hit the orc priest.
The orc priest is moderately wounded.
The orc priest misses you. The orc hits you with a +0 club.
* * * LOW HITPOINT WARNING * * *
You hit the orc priest.
The orc priest is heavily wounded.
The orc priest hits you but does no damage.
The orc closely misses you.
You hit the orc priest but do no damage.
The orc priest is heavily wounded.
The orc priest hits you with a +0 flail.
* * * LOW HITPOINT WARNING * * *
An orc comes into view. It is wielding a +0 flail.
The orc barely misses you.
The orc shouts!
You hit the orc priest.
The orc priest is severely wounded.
The orc priest mumbles some strange prayers to Beogh against you.
Beogh smites you!
You die...

,****,***,*
,,***,***,*
*,,,,,,**,*
,,,**,,**,*
,,,,*,,**,*
....*.,*#.*
..#.#.,##.########
.....S,,.......o.#
#....#**#..#####@#
#....####..# #o#
...........# #.#
#.....####.#####.#
#....>.....o...>.#
#.....####.......#####
#....## ######o.....#
#..o.# ***** #..###.#
.....#***,,,* #..# *,*


You could see an orc priest and 2 orcs.

Vanquished Creatures
  A gnoll (D:6)
  An adder (D:6)
2 creatures vanquished.

Notes
Turn   | Place    | Note
-------+----------+-------------------------------------------
     0 | D:5      | Citaku the Djinni Delver began the quest for the Orb.
     0 | D:5      | Reached XP level 1. HP: 20/20 MP: 0/0
    17 | D:5      | Noticed an orc priest
    24 | D:6      | Reached XP level 2. HP: 25/25 MP: 0/0
   189 | D:5      | Killed from afar by an orc priest

Illustrated notes

Levels and vault maps discovered:
D:5:      layout_loops_ring, uniq_duvessa, uniq_menkaure, uniq_blork_the_orc
D:6:      layout_basic, nrook_mini_vaults, nicolae_alphabet_shops

Action                   || total
-------------------------++-------
Melee: Spear             ||    16
  Use: Scroll            ||     1
       Potion            ||     2
 Stab: Sleeping          ||     1
Armor: Leather armour    ||     2
Dodge: Dodged            ||    15

Table legend: (Time is in decaauts)
 A = Elapsed time spent in this place.
 B = Non-inter-level travel time spent in this place.
 C = Inter-level travel time spent in this place.
 D = Time resting spent in this place.
 E = Time spent auto-exploring this place.
 F = Levels seen in this place.
 G = Mean time per level.
                   A        B        C        D        E       F      G
               +--------+--------+--------+--------+--------+-----+--------+
         Total |    171 |    171 |      0 |      5 |      0 |   2 |   85.5 |
       Dungeon |    171 |    171 |      0 |      5 |      0 |   2 |   85.5 |
               +--------+--------+--------+--------+--------+-----+--------+

Top non-repeatable levels by time:
     D:6: 124 daAuts
     D:5: 47 daAuts
